 Dungeon Crawl Stone Soup version 0.24.0-13-gcf9b3192b9 (webtiles) character file.

Game seed: 5160149044809012941, levelgen mode: deterministic

17889 Masnef the Fighter (level 12, -12/124 HPs)
             Began as an Ogre Wizard on Nov 4, 2019.
             Was an Elder of Vehumet.
             Mangled by a spiny frog (24 damage)
             ... on level 3 of the Lair of Beasts on Nov 5, 2019.
             The game lasted 01:08:40 (17766 turns).

Masnef the Fighter (Ogre Wizard)                   Turns: 17766, Time: 01:08:41

Health: -12/124    AC:  5    Str: 14    XL:     12   Next: 52%
Magic:  15/19      EV: 14    Int: 28    God:    Vehumet [****..]
Gold:   814        SH:  5    Dex:  7    Spells: 3/20 levels left

rFire    . . .     SeeInvis .   V - +12 flail of Famine {freeze, Int+2}
rCold    . . .     Gourm    .   (no shield)
rNeg     . . .     Faith    .   n - +0 troll leather armour
rPois    +         Spirit   .   C - +0 hat {Int+3}
rElec    .         Reflect  +   K - scarf {cloud immunity}
rCorr    .         Harm     .   (gloves unavailable)
MR       +....                  (boots unavailable)
Stlth    +.........             k - +5 amulet of reflection
HPRegen  0.70/turn              h - +3 ring of evasion
MPRegen  0.16/turn              E - ring of poison resistance

@: no status effects
A: large, unfitting armour, tough skin 1
a: Renounce Religion


You were on level 3 of the Lair of Beasts.
You worshipped Vehumet.
Vehumet was greatly pleased with you.
You were near starving.

You visited 3 branches of the dungeon, and saw 16 of its levels.
You also visited: Bailey.

You collected 814 gold pieces.

Inventory:

Hand Weapons
 p - a +2 short sword of venom
 I - a +0 giant spiked club
 J - a +0 dagger of electrocution
 R - a +2 flail of holy wrath
 V - the +12 flail of Famine (weapon) {freeze, Int+2}
   (You found it on level 7 of the Dungeon)

   It has been specially enchanted to freeze those struck by it, causing extra
   injury to most foes and up to half again as much damage against particularly
   susceptible opponents.
   It can also slow down cold-blooded creatures.
   It affects your intelligence (+2).
Armour
 m - a +2 large shield
 n - a +0 troll leather armour (worn)
 o - a +0 hat of see invisible
 C - a +0 hat of intelligence (worn)
 K - a scarf of cloud immunity (worn)
 U - a +0 robe of positive energy
 X - a +1 cloak
Jewellery
 h - a +3 ring of evasion (left hand)
 k - a +5 amulet of reflection (around neck)
 E - a ring of poison resistance (right hand)
 G - a +2 ring of dexterity
 P - an uncursed ring of protection from magic
Wands
 u - a wand of iceblast (11)
 z - a wand of polymorph (32)
 D - a wand of random effects (12)
 N - a wand of enslavement (7)
 Q - a wand of disintegration (3)
 W - a wand of flame (35)
 Y - a wand of scattershot (4)
 Z - a wand of acid (13)
Scrolls
 f - 2 scrolls of identify
 i - 2 scrolls of amnesia
 l - 2 scrolls of holy word {unknown}
 t - 3 scrolls of remove curse
 w - 6 scrolls of teleportation
 x - a scroll of immolation
 y - a scroll of blinking
 B - 4 scrolls of magic mapping
 L - 2 scrolls of enchant armour
 M - 6 scrolls of fog
 O - a scroll of enchant weapon
Potions
 a - a potion of berserk rage {unknown}
 c - a potion of mutation
 e - a potion of invisibility
 g - 2 potions of might
 q - 3 potions of agility
 r - 2 potions of flight
 v - 2 potions of cancellation
 A - 7 potions of brilliance
 H - a potion of degeneration
Comestibles
 d - 23 rations


   Skills:
 * Level 9.4 Fighting
 - Level 4.5 Short Blades
 * Level 7.1 Maces & Flails
 - Level 1.2 Throwing
 - Level 2.1 Armour
 + Level 7.1 Dodging
 - Level 1.4 Stealth
 + Level 7.0 Shields
 * Level 4.7 Spellcasting
 * Level 7.1 Conjurations
 - Level 2.1 Charms
 * Level 2.3 Summonings
 - Level 1.0 Translocations
 * Level 6.1 Ice Magic
 - Level 3.3 Air Magic
 - Level 1.0 Poison Magic


You had 3 spell levels left.
You knew the following spells:

 Your Spells              Type           Power        Failure   Level  Hunger
a - Magic Dart            Conj           ####         1%          1    None
b - Blink                 Tloc           N/A          9%          2    None
c - Summon Lightning Spi  Summ/Air       ###.....     26%         4    ###....
d - Mephitic Cloud        Conj/Pois/Air  ####....     1%          3    #......
e - Ozocubu's Armour      Chrm/Ice       ####....     4%          3    #......
f - Throw Icicle          Conj/Ice       #####...     1%          4    ###....

Your spell library contained the following spells:

 Spells                   Type           Power        Failure   Level  Hunger
 Venom Bolt               Conj/Pois      ####......   12%         5    #####..
 Freeze                   Ice            ####         1%          1    None
 Shock                    Conj/Air       ####         1%          1    None
 Throw Frost              Conj/Ice       #####.       1%          2    None
 Conjure Flame            Conj/Fire      ####....     1%          3    #......
 Dazzling Spray           Conj/Hex       ####..       1%          3    #......
 Static Discharge         Conj/Air       #####...     1%          3    #......
 Ensorcelled Hibernation  Hex/Ice        ###...       3%          2    None
 Call Imp                 Summ           ###.....     4%          2    None
 Swiftness                Chrm/Air       ###.....     4%          2    None
 Corona                   Hex            #......      9%          1    None
 Slow                     Hex            #.......     13%         2    None
 Confuse                  Hex            #.......     26%         3    #......
 Tukima's Dance           Hex            #.......     26%         3    #......
 Airstrike                Air            ####......   6%          4    ###....
 Lightning Bolt           Conj/Air       #####.....   8%          5    #####..
 Summon Ice Beast         Ice/Summ       ####....     14%         4    ###....
 Conjure Ball Lightning   Conj/Air       #####.....   36%         6    ######.
 Silence                  Hex/Air        ###.......   75%         5    #####..
 Deflect Missiles         Chrm/Air       ###.......   99%         6    ######.
 Tornado                  Air            ####......   100%        9    #######


Dungeon Overview and Level Annotations

Branches:
Dungeon (12/15)            Temple (1/1) D:7            Lair (3/6) D:9
 Shoals (0/4) Lair:2        Snake (0/4) Lair:2       Bailey (visited)
    Orc: D:9-12

Altars:
Ashenzari
Cheibriados
Dithmenos
Elyvilon
Fedhas
Gozag
Hepliaklqana
Kikubaaqudgha
Makhleb
Nemelex Xobeh
Okawaru
Qazlal
Ru
Sif Muna
Trog
Uskayaw
Vehumet
Wu Jian
Xom
Yredelemnul
Zin
The Shining One

Portals:
Trove: D:10 (give +5 demon whip)

Annotations:
D:12 Erolcha, Sonja
Lair:2 exclusion: oklob plant


Innate Abilities, Weirdness & Mutations

You are too large for most types of armour.
You have tough skin. (AC +1)


Message History

You block the black mamba's attack.
You are very lightly contaminated with residual magic.
You feel better. The black mamba bites you!
* * * LOW HITPOINT WARNING * * *
The crocodile bites you.
* * * LOW HITPOINT WARNING * * *
The spiny frog stings you but does no damage.
Unknown command.
Your magical effects are unravelling.
You feel magically purged.
Your magical contamination has completely faded away.
You feel less wooden.
Your scarf of cloud immunity unmelds from your body.
Your +0 hat of intelligence unmelds from your body.
Your +0 troll leather armour unmelds from your body.
You feel immune to the effects of clouds.
You feel clever.
You flicker back into view.
The black mamba closely misses you. The spiny frog stings you!!
You die...

#......## #
##......# ....##..#.
#.......##
...#......
##.......#
#.........
#...###.###.. ......
#..##.8..#..##.8.8.#
##.#.....#..#r.D....
###8.>..+..#Fs$>...
#........@SF.....
#..8..#.t##H8.8.#
########.........
#.........
##..#...#. ..# .#..
#.. . [ #..


You could see a five-headed hydra, a hippogriff, a black mamba, 2 spiny frogs, a
crocodile, a scorpion and a porcupine.

Vanquished Creatures
  Gastronok (Lair:1)
  The ghost of Delamore the Severer, a journeyman HOMo of Beogh (Lair:1)
  2 hydras (Lair:1)
  Erica (D:8)
  A two-headed ogre (D:9)
  A deep troll earth mage (D:10)
  An orc high priest (Bailey)
  Maurice (D:8)
  2 spiny frogs (Lair:2)
  Prince Ribbit (D:8)
  2 hippogriffs
  Sigmund (D:4)
  A shadow (D:9)
  2 hogs (D:8)
  A human (D:8)
  3 fire bats (Lair:1)
  Eustachio (D:4)
  10 yaks
  Edmund (D:6)
  2 nagas (Lair:2)
  Duvessa (D:6)
  6 water moccasins
  5 porcupines
  2 black bears (D:6)
  3 ice beasts
  2 phantoms (D:9)
  5 orc warriors
  3 sky beasts
  5 centaurs
  An eye of draining (D:11)
  8 ogres
  2 crocodiles (Lair:2)
  A big kobold (D:10)
  6 bullfrogs
  2 wyvern skeletons
  2 scorpions
  8 wights
  2 howler monkeys (D:9)
  2 crimson imps
  A bullfrog zombie (D:8)
  A centaur zombie (D:8)
  2 quasits
  2 jellies
  6 orc priests
  4 bullfrog skeletons
  5 hounds
  15 orc wizards
  3 iguanas
  6 worker ants
  A worker ant zombie (D:6)
  7 gnolls
  14 adders
  3 shadow imps
  2 adder zombies
  2 oozes
  3 adder skeletons
  A worm (D:4)
  3 dart slugs
  6 leopard geckos
  50 orcs
  8 giant cockroaches
  6 goblins
  10 hobgoblins
  7 jackals
  8 kobolds
  5 quokkas
  A ball python (D:3)
  9 bats
  5 frilled lizards
  A leopard gecko zombie (D:7)
  A quokka skeleton (D:4)
  7 rats
307 creatures vanquished.

Vanquished Creatures (collateral kills)
  A two-headed ogre (D:9)
  3 yaks
  A hog (D:8)
  A sky beast (D:9)
  Dowan (D:6)
  2 scorpions (D:4)
  A crimson imp (D:4)
  A hound (D:5)
  A gnoll shaman (D:7)
  A jelly (D:6)
  2 orc wizards
  2 gnolls (D:7)
  An ooze (D:2)
  6 orcs
  A giant cockroach (D:6)
  3 goblins
  A hobgoblin (Bailey)
  A kobold (D:10)
30 creatures vanquished.

Vanquished Creatures (others)
  A kobold (D:10)
  A fungus (Lair:3)
2 creatures vanquished.

Grand Total: 339 creatures vanquished

Notes
Turn   | Place    | Note
-------+----------+-------------------------------------------
     0 | D:1      | Masnef the Ogre Wizard began the quest for the Orb.
     0 | D:1      | Reached XP level 1. HP: 16/16 MP: 5/5
    16 | D:1      | Reached skill level 1 in Conjurations
    61 | D:1      | Upgraded the game from 0.24.0-10-g970556be89 to
                  | 0.24.0-13-gcf9b3192b9
   281 | D:1      | Reached XP level 2. HP: 24/24 MP: 4/6
   285 | D:1      | Learned a level 2 spell: Blink
   288 | D:1      | Learned a level 2 spell: Call Imp
   345 | D:1      | Reached skill level 1 in Summonings
  1065 | D:1      | Reached skill level 1 in Translocations
  1065 | D:1      | Reached XP level 3. HP: 31/31 MP: 1/8
  1505 | D:1      | Learned a level 3 spell: Mephitic Cloud
  1675 | D:2      | Found an ornate altar of the Wu Jian Council.
  1992 | D:2      | Reached XP level 4. HP: 24/39 MP: 1/9
  2504 | D:2      | Reached skill level 1 in Fighting
  3044 | D:3      | Found a basalt altar of Yredelemnul.
  3232 | D:3      | Reached skill level 1 in Poison Magic
  3232 | D:3      | Reached XP level 5. HP: 48/48 MP: 2/11
  3250 | D:3      | Reached skill level 1 in Shields
  3250 | D:3      | Reached skill level 1 in Air Magic
  3341 | D:3      | Reached skill level 2 in Fighting
  3405 | D:3      | Reached skill level 1 in Short Blades
  3823 | D:4      | Reached XP level 6. HP: 58/58 MP: 6/12
  4027 | D:4      | Noticed Eustachio
  4136 | D:4      | Noticed Sigmund
  4147 | D:4      | Killed Sigmund
  4147 | D:4      | Reached skill level 3 in Fighting
  4147 | D:4      | Reached skill level 1 in Throwing
  4187 | D:4      | Reached XP level 7. HP: 46/67 MP: 2/13
  4222 | D:3      | HP: 3/67 [poisoned by an adder]
  4228 | D:3      | HP: 2/67 [poisoned by an adder]
  4235 | D:3      | HP: 1/67 [poisoned by an adder]
  4750 | D:4      | Killed Eustachio
  4944 | D:4      | Found a snail-covered altar of Cheibriados.
  5051 | D:5      | Entered Level 5 of the Dungeon
  5059 | D:5      | Reached skill level 4 in Fighting
  5428 | D:4      | Reached XP level 8. HP: 53/79 MP: 10/14
  6277 | D:6      | Found a bloodstained altar of Trog.
  6351 | D:6      | Found a white marble altar of Elyvilon.
  6371 | D:6      | Reached skill level 5 in Fighting
  6620 | D:6      | Noticed Duvessa
  6620 | D:6      | Noticed Dowan
  6631 | D:6      | Killed Duvessa
  6639 | D:6      | Killed Dowan
  6683 | D:6      | Found a glowing golden altar of the Shining One.
  6876 | D:7      | Found a staircase to the Ecumenical Temple.
  6894 | Temple   | Entered the Ecumenical Temple
  6949 | Temple   | Became a worshipper of Vehumet
  7099 | D:6      | Reached XP level 9. HP: 47/88 MP: 8/15
  7446 | D:6      | Noticed Edmund
  7468 | D:6      | Killed Edmund
  8156 | D:6      | Reached skill level 1 in Maces & Flails
  8156 | D:6      | Reached skill level 5 in Dodging
  8452 | D:6      | Learned a level 3 spell: Ozocubu's Armour
  8484 | D:7      | Got a scorched flail
  8485 | D:7      | Identified the +12 flail of Famine {freeze, Int+2} (You
                  | found it on level 7 of the Dungeon)
  8669 | D:7      | Reached skill level 6 in Fighting
  9566 | D:8      | Noticed Maurice
  9568 | D:8      | Reached skill level 1 in Ice Magic
  9576 | D:8      | Killed Maurice
  9576 | D:8      | Reached skill level 5 in Shields
  9576 | D:8      | Reached skill level 1 in Charms
  9748 | D:8      | Noticed Erica
  9765 | D:8      | Killed Erica
  9765 | D:8      | Reached XP level 10. HP: 53/100 MP: 11/16
  9987 | D:8      | Reached * piety under Vehumet
  9987 | D:8      | Offered knowledge of Sting by Vehumet.
  9997 | D:8      | Found a hide-covered altar of Uskayaw.
 10248 | D:8      | Reached skill level 7 in Fighting
 10311 | D:8      | Found a shattered altar of Ashenzari.
 10311 | D:8      | Found a sacrificial altar of Ru.
 10866 | D:9      | Noticed a two-headed ogre
 11180 | D:9      | Noticed Prince Ribbit
 11193 | D:8      | Killed Prince Ribbit
 11193 | D:8      | Reached skill level 5 in Conjurations
 11306 | D:9      | Reached ** piety under Vehumet
 11313 | D:9      | Offered knowledge of Sandblast by Vehumet.
 11604 | D:9      | Noticed a two-headed ogre
 11621 | D:9      | Killed a two-headed ogre
 11621 | D:9      | Reached skill level 5 in Maces & Flails
 11640 | D:9      | Reached XP level 11. HP: 51/111 MP: 7/17
 11888 | D:9      | Found a staircase to the Lair.
 11991 | D:9      | Killed a two-headed ogre
 11991 | D:9      | Reached skill level 8 in Fighting
 11991 | D:9      | Reached skill level 5 in Ice Magic
 12308 | D:10     | Entered Level 10 of the Dungeon
 12324 | D:10     | Noticed a deep troll earth mage
 12778 | D:10     | Offered knowledge of Inner Flame by Vehumet.
 12810 | D:10     | Found a flagged portal.
 12868 | Bailey   | Entered a bailey
 13048 | Bailey   | Reached *** piety under Vehumet
 13058 | Bailey   | Learned a level 4 spell: Throw Icicle
 13098 | Bailey   | Noticed an orc high priest
 13101 | Bailey   | Noticed an orc knight
 13106 | Bailey   | Noticed a soul eater
 13122 | Bailey   | Killed an orc high priest
 13926 | D:10     | Offered knowledge of Olgreb's Toxic Radiance by Vehumet.
 14043 | D:10     | Killed a deep troll earth mage
 14485 | D:10     | Found a portal to a secret trove of treasure.
 14699 | D:11     | Identified a scroll of acquirement
 15274 | D:12     | Noticed Erolcha
 15297 | D:12     | Noticed Sonja
 15367 | Lair:1   | Entered Level 1 of the Lair of Beasts
 15368 | Lair:1   | You fall into a shaft and drop 1 floor!
 15400 | Lair:2   | Found a staircase to the Snake Pit.
 15423 | Lair:1   | Noticed a seven-headed hydra
 15432 | Lair:1   | Reached skill level 1 in Armour
 15451 | Lair:1   | Killed a seven-headed hydra
 15488 | Lair:1   | Reached **** piety under Vehumet
 15570 | Lair:1   | Found a runed translucent door.
 15571 | Lair:1   | Noticed Delamore's ghost (journeyman HOMo)
 15641 | Lair:1   | Killed Delamore's ghost
 15641 | Lair:1   | Reached XP level 12. HP: 56/122 MP: 2/18
 15805 | Lair:1   | Noticed Gastronok
 15820 | Lair:1   | Killed Gastronok
 15820 | Lair:1   | Reached skill level 9 in Fighting
 16282 | Lair:1   | Offered knowledge of Venom Bolt by Vehumet.
 16652 | Lair:2   | Noticed a six-headed hydra
 16671 | Lair:1   | Killed a six-headed hydra
 16858 | Lair:1   | Learned a level 4 spell: Summon Lightning Spire
 17175 | Lair:2   | Found a staircase to the Shoals.
 17761 | Lair:3   | Noticed a five-headed hydra
 17766 | Lair:3   | Mangled by a spiny frog

Levels and vault maps discovered:
D:1:      zaba_arrival_water, layout_loops_corners, minmay_tetromino_o2
D:2:      layout_basic, lemuel_crystal_altar
D:3:      layout_loops_ring, first_ration, yredelemnul_altar_generic
D:4:      layout_cave_pools, lemuel_coloured_pillars_altar, uniq_eustachio,
          uniq_sigmund
D:5:      layout_basic
D:6:      layout_gridville, elyvilon_altar_1, nicolae_overflow_crystal_walls,
          serial_co_window_serial, co_window_of_opportunity_a,
          co_window_paths_a, co_window_paths_a, co_window_paths_a,
          co_window_of_opportunity_a, co_window_corner_a, co_window_corner_a,
          co_window_broadway_b, co_window_of_opportunity_b,
          co_window_of_opportunity_c, co_window_4corner_b, co_window_paths_d,
          glass_columns_b, glass_columns_a, glass_columns_a, glass_columns_c,
          trog_ov_bears_minmay, uniq_edmund, uniq_duvessa
D:7:      layout_layer_cave, minmay_temple_entry_proselytizer
D:8:      layout_gridville, kennysheep_little_box,
          gammafunk_temple_overflow_elements, grunt_livestock, uniq_maurice,
          uniq_erica
D:9:      layout_roguey, lair_entry_dummy, hangedman_decor_growths,
          st_stairs_14, uniq_prince_ribbit1
D:10:     layout_roguey, nicolae_trove_entry_diagonal, enter_bailey_3,
          kennysheep_just_a_vault
D:11:     layout_cave_pools
D:12:     layout_big_octagon, david_orc_5, uniq_erolcha, uniq_josephine,
          uniq_sonja
Temple:   zaba_magenta_temple
Lair:1:   layout_gridlike, nicolae_volcano_entry_batcave,
          hellmonk_ghost_happy_afterlife, uniq_gastronok
Lair:2:   minmay_lair_oklob_tunnel, layout_long_grid, shoals_dummy_entry,
          minmay_snake_entry_guardpost_small, chequers_serial_rivers_micro_a,
          grunt_forest_small_clearing_treed
Lair:3:   layout_small_grid, grunt_megastairs_2, minmay_lair_oklob_chamber,
          infiniplex_staircase_pool_2, lemuel_fruit_fields

Skill      XL: |  1  2  3  4  5  6  7  8  9 10 11 12 |
---------------+-------------------------------------+-----
Conjurations   | 1 2 3 4 5 6 7 |  7.1
Summonings     | 1 2 |  2.3
Translocations | 1 |  1.0
Fighting       | 1 2 3 4 5 6 7 8 9 |  9.4
Spellcasting   | 4 |  4.7
Poison Magic   | 1 |  1.0
Shields        | 1 2 3 4 5 6 7 |  7.0
Air Magic      | 1 3 |  3.3
Short Blades   | 1 2 4 |  4.5
Dodging        | 2 3 4 5 6 7 |  7.1
Throwing       | 1 |  1.2
Maces & Flails | 3 5 6 7 |  7.1
Ice Magic      | 3 4 5 6 |  6.1
Charms         | 2 |  2.1
Armour         | 2 |  2.1
Stealth        | |  1.4

Action                   |  1- 3 |  4- 6 |  7- 9 | 10-12 || total
-------------------------+-------+-------+-------+-------++-------
Melee: Unarmed           |    21 |       |       |       ||    21
       Hand axe          |    16 |       |       |       ||    16
       Whip              |     7 |       |       |       ||     7
       Short sword       |       |    51 |    52 |       ||   103
       Dagger            |       |       |   202 |       ||   202
       Flail             |       |       |    64 |   433 ||   497
 Fire: Hunting sling     |       |     1 |       |       ||     1
 Cast: Magic Dart        |    76 |    64 |    22 |    11 ||   173
       Call Imp          |     3 |    20 |    44 |    27 ||    94
       Mephitic Cloud    |       |     4 |    19 |    35 ||    58
       Blink             |       |       |     2 |     1 ||     3
       Ozocubu's Armour  |       |       |     2 |     6 ||     8
       Throw Icicle      |       |       |       |    22 ||    22
Evoke: Wand              |       |     2 |       |     4 ||     6
  Use: Scroll            |       |       |    11 |    14 ||    25
       Potion            |       |       |     3 |     7 ||    10
 Stab: Sleeping          |       |     1 |       |       ||     1
       Confused          |       |     3 |    11 |    10 ||    24
       Distracted        |       |       |     1 |     3 ||     4
  Eat: Chunk             |     3 |     7 |    19 |    21 ||    50
       Ration            |       |       |     1 |     2 ||     3
Armor: Robe              |    13 |    12 |    31 |    26 ||    82
       Troll leather arm |       |       |       |    29 ||    29
       Skin              |       |       |       |    13 ||    13
Dodge: Dodged            |    41 |    37 |   143 |   271 ||   492
Block: Other             |    12 |     8 |    70 |   101 ||   191
       Reflection        |       |     1 |     2 |     3 ||     6
